[Event "Titled Tuesday Blitz November 22 Early 2022"]
[White "Hambleton, Aman"]
[Black "Kouskoutis, Georgios-Alexandros"]
[WhiteFideId "2606577"]
[BlackFideId "4234049"]
[WhiteElo "2538"]
[BlackElo "2187"]
[Result "1-0"]
[Round "07"]
[TimeControl "180+1"]
[Date "2022.11.23"]
[WhiteClock "0:00:06"]
[BlackClock "0:00:02"]

1. d4 Nf6 2. c4 e6 3. Nc3 Bb4 4. e3 O-O 5. Ne2 d5 6. a3 Be7 7. cxd5 exd5 8. Nf4 c6 9. Bd3 Bd6 10. O-O Bxf4 11. exf4 b6 12. Re1 Ba6 13. Bc2 Nbd7 14. f5 Re8 15. Bf4 Rxe1+ 16. Qxe1 Qf8 17. f3 c5 18. Qd2 cxd4 19. Qxd4 Qc5 20. Rd1 Bb7 21. g4 h6 22. Bb3 Rc8 23. Qxc5 Nxc5 24. Bxd5 Nxd5 25. Nxd5 Re8 26. Kf2 Na4 27. Nc7 Re7 28. f6 gxf6 29. Rd8+ Kh7 30. Ne8 Re6 31. Nd6 Ba6 32. Rd7 Nxb2 33. Rxf7+ Kg8 34. Rd7 Nd3+ 35. Kg3 Nxf4 36. Kxf4 Bf1 37. Nf5 1-0


[Site "https://www.chess.com"]

[Event "Titled Tuesday Blitz November 22 Early 2022"]
[White "Harsh Suresh"]
[Black "Fernandez Garcia, Gumersindo"]
[WhiteFideId "45018464"]
[BlackFideId "24516740"]
[WhiteElo "2227"]
[BlackElo "2140"]
[Result "1-0"]
[Round "07"]
[TimeControl "180+1"]
[Date "2022.11.23"]
[WhiteClock "0:00:09"]
[BlackClock "0:00:36"]

1. b3 e5 2. Bb2 d6 3. c4 g6 4. Nf3 Bg7 5. Nc3 Nc6 6. g3 Nge7 7. Bg2 O-O 8. O-O f5 9. d3 Be6 10. Nd2 h6 11. a3 Kh7 12. b4 Qd7 13. b5 Nd8 14. a4 g5 15. a5 Rb8 16. b6 axb6 17. axb6 c6 18. Ba3 Nc8 19. Qb3 g4 20. Bb2 Nf7 21. Ra5 Ng5 22. Rfa1 Qd8 23. Ra8 Rxa8 24. Rxa8 Qxb6 25. Ba3 Qxb3 26. Nxb3 f4 27. Be4+ Kh8 28. Kg2 Nb6 29. Ra7 Rf7 30. Bxd6 Nc8 31. Ra8 f3+ 32. exf3 gxf3+ 33. Kf1 Bh3+ 34. Ke1 Nxe4 35. Nxe4 Kh7 36. Bc5 Bf5 37. Nbd2 Kg6 38. Nxf3 Bxe4 39. Nh4+ Kh7 40. dxe4 Ne7 41. Bxe7 Rxe7 42. Nf5 Rd7 43. Rb8 Kg6 44. Rg8 Kf6 45. Rxg7 Rxg7 46. Nxg7 Kxg7 47. c5 Kf6 48. f4 Ke6 49. Ke2 Kf6 50. Ke3 h5 51. Kf3 Ke6 52. h3 Kf6 53. g4 hxg4+ 54. Kxg4 exf4 55. Kxf4 Kg6 56. Ke5 Kg5 57. Kd6 1-0


[Site "https://www.chess.com"]

[Event "Titled Tuesday Blitz November 22 Early 2022"]
[White "Harsha Bharathakoti"]
[Black "Hristodoulou, Panagiotis"]
[WhiteFideId "5078776"]
[BlackFideId "4214340"]
[WhiteElo "2523"]
[BlackElo "2272"]
[Result "0-1"]
[Round "07"]
[TimeControl "180+1"]
[Date "2022.11.22"]
[WhiteClock "0:00:02"]
[BlackClock "0:00:18"]

1. e4 e5 2. Nf3 Nc6 3. Bc4 Nf6 4. d3 h6 5. a4 d6 6. a5 a6 7. Nc3 g6 8. O-O Bg7 9. Re1 O-O 10. h3 Re8 11. Bd2 Be6 12. Bxe6 Rxe6 13. Nd5 Re8 14. c4 Nb8 15. b4 Nbd7 16. Bc3 c6 17. Ne3 Nf8 18. Qb3 Ne6 19. Rad1 Nh5 20. g3 Nd4 21. Bxd4 exd4 22. Nf1 Qd7 23. Kg2 Re7 24. Rb1 Rae8 25. b5 f5 26. exf5 Qxf5 27. Rxe7 Rxe7 28. bxc6 bxc6 29. Qb8+ Kh7 30. Qxd6 Rf7 31. N1d2 Qxd3 32. Rb3 Qe2 33. Qxc6 Nf6 34. Rb7 Rxb7 35. Qxb7 g5 36. Qxa6 g4 37. hxg4 Nxg4 38. Qc8 Qxf2+ 39. Kh3 Ne3 40. Qc6 Qg2+ 41. Kh4 Qh1+ 42. Nh2 Qxc6 0-1


[Site "https://www.chess.com"]

[Event "Titled Tuesday Blitz November 22 Early 2022"]
[White "Hartikainen, Jarmo"]
[Black "Sariego Figueredo, Wilfredo"]
[WhiteFideId "503134"]
[BlackFideId "3500080"]
[WhiteElo "2186"]
[BlackElo "2309"]
[Result "1-0"]
[Round "07"]
[TimeControl "180+1"]
[Date "2022.11.23"]
[WhiteClock "0:00:12"]
[BlackClock "0:00:03"]

1. e4 c5 2. c3 a6 3. d4 cxd4 4. cxd4 Nf6 5. Bd3 e5 6. Nf3 exd4 7. Nxd4 Bc5 8. Be3 O-O 9. Nc3 Qb6 10. e5 Bxd4 11. Bxd4 Qxd4 12. Bxh7+ Nxh7 13. Qxd4 Nc6 14. Qd6 Re8 15. f4 Nf8 16. O-O-O Ne6 17. g3 b5 18. h4 b4 19. Ne4 a5 20. h5 Ba6 21. h6 Rac8 22. Kb1 Be2 23. hxg7 Kxg7 24. Nf6 Rh8 25. Rxh8 Rxh8 26. Re1 Ncd4 27. g4 Bd3+ 28. Kc1 Rh2 29. f5 Rc2+ 30. Kd1 Rc6 31. Qxc6 dxc6 32. fxe6 Nxe6 33. Kd2 Bc4 34. Rc1 Bxa2 35. Rxc6 Bb1 36. Ra6 b3 37. Rxa5 Bc2 38. Nd5 Kg6 39. Ne3 Be4 40. Rb5 Bf3 41. Rxb3 Nc5 42. Rb6+ Kg5 43. b4 Ne4+ 44. Kd3 1-0


[Site "https://www.chess.com"]

[Event "Titled Tuesday Blitz November 22 Early 2022"]
[White "Hoffmann, Asa"]
[Black "Kleiman, Jake"]
[WhiteFideId "2001470"]
[BlackFideId "2020041"]
[WhiteElo "2117"]
[BlackElo "2587"]
[Result "0-1"]
[Round "07"]
[TimeControl "180+1"]
[Date "2022.11.23"]
[WhiteClock "0:00:08"]
[BlackClock "0:00:17"]

1. d4 Nf6 2. Bg5 Ne4 3. Bf4 Nc6 4. f3 Nf6 5. d5 e5 6. Bg3 Ne7 7. e4 Ng6 8. Bf2 b6 9. Nd2 Bc5 10. Bxc5 bxc5 11. Nc4 O-O 12. g3 d6 13. Bd3 a5 14. Qd2 a4 15. Ne2 Bd7 16. Nc3 Ne8 17. a3 f5 18. exf5 Bxf5 19. O-O-O Qd7 20. Ne4 Nf6 21. h4 Bxe4 22. Bxe4 Nxe4 23. fxe4 Qg4 24. Rde1 Rf3 25. h5 Nh8 26. Rhg1 Qxh5 27. Ne3 Qg5 28. Nf5 Qxd2+ 29. Kxd2 Rf2+ 30. Re2 Rxe2+ 31. Kxe2 Re8 32. Kd3 g6 33. Ne3 Nf7 34. Kc4 Rb8 35. b3 axb3 36. cxb3 Ng5 37. a4 Nxe4 38. Rg2 Rb4+ 39. Kd3 Nf6 40. Kc2 Kf7 41. Rf2 Ke7 42. a5 Rb5 43. Nc4 Nxd5 44. Rh2 h5 45. Re2 Ke6 46. a6 Nb4+ 47. Kc3 Nxa6 48. Rf2 Nb4 49. g4 Nd5+ 50. Kb2 hxg4 51. Rg2 Nf6 52. Kc3 d5 53. Nd2 e4 54. Nf1 d4+ 55. Kc4 Rb4+ 56. Kxc5 Rxb3 57. Kxd4 Rf3 58. Ne3 c5+ 59. Kxc5 Rxe3 60. Kd4 Rd3+ 61. Kc4 Rd8 0-1


[Site "https://www.chess.com"]

[Event "Titled Tuesday Blitz November 22 Early 2022"]
[White "Horak, Martin"]
[Black "Samunenkov, Ihor"]
[WhiteFideId "367095"]
[BlackFideId "14187086"]
[WhiteElo "2091"]
[BlackElo "2441"]
[Result "1-0"]
[Round "07"]
[TimeControl "180+1"]
[Date "2022.11.23"]
[WhiteClock "0:00:52"]
[BlackClock "0:00:30"]

1. e4 c5 2. Nf3 Nc6 3. Bb5 g6 4. Bxc6 dxc6 5. d3 Bg7 6. h3 Nf6 7. Nc3 Nd7 8. Be3 e5 9. Qd2 h6 10. O-O b6 11. Nh2 Nf8 12. f4 exf4 13. Bxf4 Ne6 14. Be3 c4 15. dxc4 Qxd2 16. Bxd2 Ba6 17. b3 O-O-O 18. Be1 Rd7 19. Rd1 Rhd8 20. Rxd7 Rxd7 21. Nf3 Nc5 22. e5 Ne6 23. Ne4 Kc7 24. Nd6 Bf8 25. Bg3 f5 26. Nh4 1-0


[Site "https://www.chess.com"]

[Event "Titled Tuesday Blitz November 22 Early 2022"]
[White "Ibadov, Dashgyn"]
[Black "Berezin, Viktor"]
[WhiteFideId "24107514"]
[BlackFideId "14107872"]
[WhiteElo "2208"]
[BlackElo "2310"]
[Result "1-0"]
[Round "07"]
[TimeControl "180+1"]
[Date "2022.11.23"]
[WhiteClock "0:00:50"]
[BlackClock "0:01:08"]

1. e4 c6 2. d4 d5 3. e5 Bf5 4. Nf3 e6 5. Be2 c5 6. Be3 Nd7 7. c4 Ne7 8. Nc3 dxc4 9. Bxc4 cxd4 10. Nxd4 Bg6 11. O-O Nf5 12. Nxf5 Bxf5 13. Qf3 Qc7 14. Bb5 Be7 15. Rfd1 Rd8 16. Rac1 Qxe5 17. Rxd7 Rxd7 18. Bxd7+ Kxd7 19. Qxb7+ Qc7 20. Rd1+ Bd6 21. Rxd6+ 1-0


[Site "https://www.chess.com"]

[Event "Titled Tuesday Blitz November 22 Early 2022"]
[White "Ibarra Jerez, Jose Carlos"]
[Black "Svane, Rasmus"]
[WhiteFideId "2226332"]
[BlackFideId "4657101"]
[WhiteElo "2638"]
[BlackElo "2674"]
[Result "0-1"]
[Round "07"]
[TimeControl "180+1"]
[Date "2022.11.22"]
[WhiteClock "0:00:01"]
[BlackClock "0:00:19"]

1. e4 c6 2. f3 d5 3. d4 e6 4. Nc3 Nd7 5. Bd3 Bb4 6. Ne2 dxe4 7. fxe4 e5 8. a3 Bd6 9. d5 Ngf6 10. Ng3 cxd5 11. exd5 Nc5 12. Bb5+ Kf8 13. O-O h5 14. Bg5 h4 15. Nf5 Qb6 16. Be3 Bxf5 17. Rxf5 a6 18. Be2 Qxb2 19. Qe1 Qxc2 20. Rf1 h3 21. Rc1 Qg6 22. g3 Nd3 23. Bxd3 Qxd3 24. Qf2 Rc8 25. Rcd1 Qg6 26. Na4 b5 27. Nb6 Rc3 28. Rc1 Rxc1 29. Rxc1 Kg8 30. Rc6 Bxa3 31. d6 Qb1+ 32. Qf1 Qe4 33. Rc8+ Kh7 34. Qxh3+ Kg6 35. Rxh8 Qxe3+ 36. Kg2 Qe2+ 37. Kh1 Bc5 38. Qf1 Qxf1# 0-1


[Site "https://www.chess.com"]

[Event "Titled Tuesday Blitz November 22 Early 2022"]
[White "Izuzquiza Gonzalez, Javier"]
[Black "Fabris, Alberto"]
[WhiteFideId "3101029"]
[BlackFideId "801348"]
[WhiteElo "2034"]
[BlackElo "2165"]
[Result "1-0"]
[Round "07"]
[TimeControl "180+1"]
[Date "2022.11.23"]
[WhiteClock "0:00:04"]
[BlackClock "0:00:11"]

1. d4 Nf6 2. c4 e6 3. Nf3 b6 4. g3 Bb7 5. Bg2 Be7 6. O-O O-O 7. Qc2 d5 8. b3 Ne4 9. Nbd2 f5 10. Ne5 Nd7 11. Ndf3 Bf6 12. Bf4 Nxe5 13. Bxe5 c6 14. Rad1 Qe7 15. Bxf6 gxf6 16. Nd2 Kh8 17. f3 Nd6 18. e4 fxe4 19. fxe4 Rac8 20. exd5 cxd5 21. Rde1 Qd7 22. Bh3 f5 23. Qd3 Ne4 24. Nf3 dxc4 25. bxc4 Qa4 26. Ne5 Ba6 27. d5 Bxc4 28. Qd4 Nf6 29. dxe6 b5 30. Nf7+ Kg7 31. Rxf5 Rxf7 32. exf7 Rc6 33. Re8 Bxf7 34. Qxa4 bxa4 35. Re7 Kg6 36. Ra5 Rc1+ 37. Kg2 Rc2+ 38. Kf1 Rxa2 39. Raxa7 Bc4+ 40. Ke1 Rxh2 41. Rg7+ Kh6 42. Bf5 Ra2 43. Rgc7 Bb3 44. Ra6 Kg5 45. g4 Nxg4 46. Bxg4 Kxg4 47. Rf6 Kg5 48. Rf8 Rc2 49. Rxh7 a3 50. Rg7+ Kh6 51. Rg3 a2 52. Rh8# 1-0


[Site "https://www.chess.com"]

[Event "Titled Tuesday Blitz November 22 Early 2022"]
[White "Janaszak, Dawid"]
[Black "Topalov, Aleksandar"]
[WhiteFideId "1119206"]
[BlackFideId "925659"]
[WhiteElo "2226"]
[BlackElo "2179"]
[Result "0-1"]
[Round "07"]
[TimeControl "180+1"]
[Date "2022.11.23"]
[WhiteClock "0:00:01"]
[BlackClock "0:00:04"]

1. Nc3 d5 2. e4 e6 3. d4 Bb4 4. Qg4 Nf6 5. Qxg7 Rg8 6. Qh6 Rg6 7. Qe3 Nxe4 8. Ne2 b6 9. a3 Bxc3+ 10. Nxc3 Nxc3 11. Qxc3 Ba6 12. Bxa6 Nxa6 13. Qc6+ Kf8 14. O-O Kg7 15. Bf4 Rc8 16. Qa4 Nb8 17. c4 Qh4 18. Be5+ f6 19. Bg3 Qxd4 20. Qxa7 dxc4 21. Rfd1 Qc5 22. Qb7 Qf8 23. Bxc7 Kg8 24. Bg3 Qc5 25. Bxb8 Rg7 26. Qa8 b5 27. a4 Qb6 28. axb5 Rxb8 29. Qe4 Re7 30. Ra6 Qxb5 31. Rxe6 Rf7 32. g3 Qxb2 33. Qxc4 Kh8 34. Red6 Re7 35. Rxf6 Qxf6 36. Qc5 Rf7 37. Rf1 Rb2 38. Qe3 Kg7 39. h4 h6 40. Qc5 Re7 41. Qa3 Rbe2 42. Qc5 Re1 43. Rxe1 Rxe1+ 44. Kg2 Re7 45. h5 Qe6 46. Kh2 Qe5 47. Qc2 Qe4 48. Qc3+ Qe5 49. Qa3 Qxh5+ 50. Kg2 Qd5+ 0-1


[Site "https://www.chess.com"]

[Event "Titled Tuesday Blitz November 22 Early 2022"]
[White "Jeet, Jain"]
[Black "Rakhmanov, Aleksandr"]
[WhiteFideId "5073022"]
[BlackFideId "4173708"]
[WhiteElo "2067"]
[BlackElo "2530"]
[Result "0-1"]
[Round "07"]
[TimeControl "180+1"]
[Date "2022.11.23"]
[WhiteClock "0:00:15"]
[BlackClock "0:00:08"]

1. Nf3 d5 2. b3 c6 3. Bb2 Bg4 4. e3 Nd7 5. d4 e6 6. Be2 Bd6 7. h3 Bxf3 8. Bxf3 f5 9. Nd2 Ngf6 10. O-O O-O 11. c4 Ne4 12. a3 Qh4 13. a4 Rf7 14. Ba3 Bc7 15. Bxe4 fxe4 16. f4 g5 17. fxg5 Rg7 18. Qg4 Qxg4 19. hxg4 Rxg5 20. Kf2 Rxg4 21. Rh1 Kg7 22. Rh3 Nf6 23. Rah1 Rg8 24. Nf1 Kf7 25. g3 h5 26. Bb4 R4g5 27. Ba3 Rf5+ 28. Kg2 Rf3 29. Bc1 e5 30. Bb2 Ke6 31. dxe5 Bxe5 32. Bxe5 Kxe5 33. Rxh5+ Nxh5 34. Rxh5+ Ke6 35. Rh6+ Rf6 36. Rh4 Rgf8 37. Rf4 Rxf4 38. gxf4 dxc4 39. bxc4 b5 40. axb5 cxb5 41. cxb5 Rb8 42. Nd2 Rxb5 43. Nxe4 a5 44. Kf3 a4 45. Nc3 Rb4 46. Kg4 a3 47. e4 Rb3 48. Nd5 a2 49. f5+ Kd6 50. f6 a1=Q 51. f7 Qg7+ 52. Kf5 Qxf7+ 53. Nf6 Qe6+ 54. Kg5 Rg3+ 55. Kh4 Qxf6+ 56. Kxg3 Ke5 0-1


[Site "https://www.chess.com"]

[Event "Titled Tuesday Blitz November 22 Early 2022"]
[White "Jiganchine, Roman"]
[Black "Heinemann, Josefine"]
[WhiteFideId "2603667"]
[BlackFideId "12900460"]
[WhiteElo "2314"]
[BlackElo "2300"]
[Result "0-1"]
[Round "07"]
[TimeControl "180+1"]
[Date "2022.11.23"]
[WhiteClock "0:01:21"]
[BlackClock "0:01:43"]

1. e4 c6 2. d4 d5 3. exd5 cxd5 4. c4 Nf6 5. Nc3 Nc6 6. Nf3 a6 7. cxd5 Nxd5 8. Bd3 g6 9. Qb3 Nxc3 10. Bc4 e6 11. bxc3 Na5 12. Bb5+ axb5 13. Qxb5+ Bd7 14. Qd3 Bg7 15. O-O O-O 16. h4 Bc6 17. h5 Qd5 18. h6 Bf6 19. Re1 Nc4 20. a4 Rxa4 21. Rxa4 Bxa4 22. Bf4 Bc6 23. Bg3 Ra8 24. Qe2 Bg5 25. Nxg5 Qxg2# 0-1


[Site "https://www.chess.com"]

[Event "Titled Tuesday Blitz November 22 Early 2022"]
[White "Jobava, Baadur"]
[Black "Timofeev, Artyom"]
[WhiteFideId "13601520"]
[BlackFideId "4140419"]
[WhiteElo "2582"]
[BlackElo "2586"]
[Result "1-0"]
[Round "07"]
[TimeControl "180+1"]
[Date "2022.11.22"]
[WhiteClock "0:00:17"]
[BlackClock "0:00:03"]

1. e4 c5 2. c3 Nf6 3. e5 Nd5 4. Nf3 Nc6 5. g3 d6 6. exd6 Qxd6 7. Bg2 Bg4 8. O-O e6 9. Na3 Be7 10. Re1 O-O 11. d3 Rad8 12. Nc4 Qc7 13. a4 b6 14. Qb3 Bf5 15. Rd1 h6 16. h3 Bf6 17. Ne1 Ne5 18. Nxe5 Bxe5 19. a5 Bf6 20. axb6 axb6 21. Kh2 Rd7 22. Nf3 Rfd8 23. Qb5 Bxc3 24. bxc3 Nxc3 25. Qb3 Nxd1 26. Bf4 Qc8 27. Rxd1 Rxd3 28. Rxd3 Bxd3 29. Qxb6 c4 30. Ne5 Re8 31. Qa7 Rf8 32. Nc6 Qe8 33. Bd6 c3 34. Qc5 c2 35. Nb4 Bg6 36. Nxc2 Qc8 37. Bxf8 Qxf8 38. Qxf8+ Kxf8 39. Ne3 Ke7 40. Kg1 f6 41. Kf1 Kd6 42. Ke2 Be8 43. Be4 Bb5+ 44. Bd3 Bc6 45. Kd2 Kc5 46. Kc3 Bd7 47. Nc4 Bc6 48. Nd2 Kd6 49. Kd4 e5+ 50. Ke3 Kc5 51. g4 Kd6 52. Bf5 Ke7 53. h4 Be8 54. h5 Bc6 55. Ne4 Bd5 56. Kd3 Bc6 57. Kc4 Bb7 58. Kc5 Ba6 59. Nc3 Bf1 60. Nd5+ Kf7 61. Kd6 Be2 62. Ne3 Kf8 63. Be6 Bf3 64. Nc4 Be2 65. Nb6 Bf3 66. Nd7+ Ke8 67. Bf5 Be2 68. Bg6+ Kd8 69. Nc5 Bxg4 70. Ne6+ Bxe6 71. Kxe6 e4 72. Kf7 Kd7 73. Bxe4 Kd6 74. Kxg7 Ke5 75. Kxh6 f5 76. Bxf5 Kxf5 77. Kg7 1-0


[Site "https://www.chess.com"]

[Event "Titled Tuesday Blitz November 22 Early 2022"]
[White "Johnson, Ben"]
[Black "Ciuffoletti, Paolo"]
[WhiteFideId "2010917"]
[BlackFideId "807630"]
[WhiteElo "2150"]
[BlackElo "2143"]
[Result "0-1"]
[Round "07"]
[TimeControl "180+1"]
[Date "2022.11.23"]
[WhiteClock "0:00:16"]
[BlackClock "0:00:47"]

1. Nf3 d5 2. e3 Nf6 3. c4 c6 4. Nc3 g6 5. cxd5 cxd5 6. d4 Bg7 7. Bd3 Nc6 8. O-O O-O 9. b3 Bg4 10. h3 Bxf3 11. Qxf3 e5 12. dxe5 Nxe5 13. Qe2 d4 14. exd4 Qxd4 15. Bb1 Qxc3 16. Bb2 Qc6 17. Qxe5 Nh5 18. Qe2 Nf4 19. Qg4 Bxb2 20. Qxf4 Bxa1 21. Be4 Qf6 0-1


[Site "https://www.chess.com"]

[Event "Titled Tuesday Blitz November 22 Early 2022"]
[White "Jones, Daniel"]
[Black "Winterberg, Lukas"]
[WhiteFideId "2019655"]
[BlackFideId "24622702"]
[WhiteElo "2362"]
[BlackElo "2349"]
[Result "0-1"]
[Round "07"]
[TimeControl "180+1"]
[Date "2022.11.23"]
[WhiteClock "0:00:13"]
[BlackClock "0:00:45"]

1. f4 Nh6 2. e4 g6 3. Nf3 Bg7 4. d4 d5 5. e5 c5 6. c3 O-O 7. Bd3 Bf5 8. O-O Nc6 9. h3 cxd4 10. cxd4 Qb6 11. g4 Be4 12. Bxe4 dxe4 13. Ng5 Nxd4 14. Be3 Rfd8 15. Nxe4 Qxb2 16. Nbc3 Nc2 17. Qc1 Qxc1 18. Bxc1 Nxa1 19. Ba3 Nc2 20. Bxe7 Rd7 21. Nf6+ Bxf6 22. exf6 Kh8 23. Ne4 Ng8 24. Bd6 Re8 25. Be5 Ne3 26. Rc1 b5 27. Nd6 Re6 28. Nxb5 Rd1+ 29. Rxd1 Nxd1 30. Nd6 Rxd6 31. Bxd6 Nc3 32. a3 h6 33. g5 Ne4 34. Bb8 hxg5 35. fxg5 Nxg5 36. Bxa7 Nxf6 37. Bd4 Ne4 38. a4 Kg8 39. a5 Nd5 40. a6 Nc7 41. a7 Nd6 42. Be5 Ndb5 43. Kf2 Na8 44. Bb8 f5 45. Ke3 Kf7 46. Kd3 Nb6 47. Kc2 Ke6 48. Kb3 Kd5 49. Kb4 Kc6 50. Ka5 g5 51. Ka6 f4 52. h4 Nc7+ 53. Bxc7 Kxc7 54. hxg5 f3 55. g6 f2 56. g7 f1=Q+ 57. Ka5 Qf7 0-1


[Site "https://www.chess.com"]

[Event "Titled Tuesday Blitz November 22 Early 2022"]
[White "Jones, Gawain C B"]
[Black "Boruchovsky, Avital"]
[WhiteFideId "409561"]
[BlackFideId "2800055"]
[WhiteElo "2657"]
[BlackElo "2458"]
[Result "1/2-1/2"]
[Round "07"]
[TimeControl "180+1"]
[Date "2022.11.22"]
[WhiteClock "0:00:06"]
[BlackClock "0:00:08"]

1. Nf3 d5 2. g3 g6 3. Bg2 Bg7 4. O-O e5 5. d3 Ne7 6. Nc3 O-O 7. e4 c6 8. Qe2 h6 9. exd5 Nxd5 10. Bd2 Re8 11. Rfe1 Bf5 12. Ne4 Qc7 13. c4 Bxe4 14. dxe4 Nf6 15. c5 a5 16. a3 a4 17. Qc4 Nbd7 18. Rad1 Nf8 19. Bc3 N6d7 20. Bh3 Ne6 21. Bb4 Bf8 22. Rxd7 Qxd7 23. Nxe5 Qd4 24. Bxe6 Qxc4 25. Nxc4 Rxe6 26. e5 Rd8 27. Nd6 b6 28. cxb6 c5 29. Nb7 Rd5 30. Ba5 Rd7 31. Nd6 Bxd6 32. exd6 Rxe1+ 33. Bxe1 Rxd6 34. Ba5 Rd7 35. Kf1 f5 36. Ke2 Kf7 37. Bc3 Ke6 38. Bd2 Rb7 39. Bxh6 Rxb6 40. Bc1 Rb3 41. Kd1 Kd5 42. Kc2 c4 43. Be3 Ke4 44. Bc5 Rd3 45. h4 f4 46. gxf4 Kxf4 47. Be3+ Kg4 48. Bg5 Rf3 49. Kd2 Rxf2+ 50. Kc3 Rf5 51. Kxc4 Rxg5 52. hxg5 Kxg5 53. b4 axb3 54. Kxb3 Kf4 55. a4 g5 56. a5 g4 57. a6 g3 58. a7 g2 59. a8=Q g1=Q 60. Qb8+ Kf5 61. Qc8+ Kf6 62. Qf8+ Ke6 63. Qe8+ Kf6 64. Qf8+ Ke6 65. Qe8+ Kf6 66. Qf8+ 1/2-1/2


[Site "https://www.chess.com"]

[Event "Titled Tuesday Blitz November 22 Early 2022"]
[White "Jumabayev, Rinat"]
[Black "Nguyen Hong Nhung"]
[WhiteFideId "13702661"]
[BlackFideId "12412201"]
[WhiteElo "2561"]
[BlackElo "1904"]
[Result "1-0"]
[Round "07"]
[TimeControl "180+1"]
[Date "2022.11.23"]
[WhiteClock "0:00:40"]
[BlackClock "0:00:10"]

1. e4 c5 2. Ne2 e6 3. Nbc3 Nc6 4. d4 cxd4 5. Nxd4 Qc7 6. Be3 a6 7. a3 Nf6 8. Qf3 Ne5 9. Qg3 h5 10. Nf3 Nxf3+ 11. gxf3 d6 12. h4 b5 13. O-O-O Bb7 14. Bxb5+ axb5 15. Nxb5 Qc6 16. Nxd6+ Bxd6 17. Rxd6 Nxe4 18. fxe4 Qxe4 19. Rg1 g6 20. Rd4 Qc6 21. Qe5 O-O 22. Bh6 f6 23. Qg3 g5 24. hxg5 Rf7 25. gxf6+ Kh7 26. Qd3+ Kh8 27. Bg7+ Kg8 28. Qg6 Rc8 29. Bf8+ Kxf8 30. Qg8# 1-0


[Site "https://www.chess.com"]

[Event "Titled Tuesday Blitz November 22 Early 2022"]
[White "Keymer, Vincent"]
[Black "Bazeev, German"]
[WhiteFideId "12940690"]
[BlackFideId "24119350"]
[WhiteElo "2600"]
[BlackElo "2493"]
[Result "1-0"]
[Round "07"]
[TimeControl "180+1"]
[Date "2022.11.22"]
[WhiteClock "0:00:11"]
[BlackClock "0:00:04"]

1. Nf3 Nf6 2. c4 d6 3. d4 Bg4 4. Nc3 Nbd7 5. g3 Bxf3 6. exf3 e6 7. h4 c6 8. d5 cxd5 9. cxd5 e5 10. Bh3 Be7 11. O-O O-O 12. Re1 a6 13. Be3 Rc8 14. Rc1 Rc7 15. Qd2 Qb8 16. Rc2 b5 17. Rec1 Nb6 18. b3 b4 19. Ne4 Rxc2 20. Nxf6+ Bxf6 21. Rxc2 a5 22. Rc6 Na8 23. Qc2 Bd8 24. Rc8 Qb7 25. Qc6 Qxc6 26. Rxc6 Nc7 27. Rxd6 Nb5 28. Rc6 Nd4 29. Rc8 Bf6 30. Kg2 Rxc8 31. Bxc8 h5 32. f4 Kf8 33. fxe5 Bxe5 34. d6 Ke8 35. Bh3 g6 36. Bc8 Kd8 37. Ba6 Kd7 38. Bc4 Ne6 39. Bb6 Kxd6 40. Bxa5 Kc5 41. Bxe6 fxe6 42. Kf3 Bd4 43. Ke2 e5 44. f3 Kb5 45. Bd8 Kc5 46. Bf6 Kd5 47. Be7 Bc3 48. Kd3 Be1 49. g4 hxg4 50. fxg4 e4+ 51. Ke2 Bc3 52. h5 gxh5 53. gxh5 Ke6 54. Bg5 Kf5 55. Bd2 Bxd2 56. Kxd2 Kg5 57. Ke3 1-0


[Site "https://www.chess.com"]

[Event "Titled Tuesday Blitz November 22 Early 2022"]
[White "Khamdamova, Afruza"]
[Black "Vaibhav Jayant Raut"]
[WhiteFideId "14210444"]
[BlackFideId "5089034"]
[WhiteElo "2018"]
[BlackElo "2147"]
[Result "0-1"]
[Round "07"]
[TimeControl "180+1"]
[Date "2022.11.23"]
[WhiteClock "0:00:05"]
[BlackClock "0:00:55"]

1. e4 c5 2. Nf3 Nc6 3. d4 cxd4 4. Nxd4 Nf6 5. Nc3 e5 6. Ndb5 d6 7. Nd5 Nxd5 8. exd5 Ne7 9. c4 Ng6 10. Bd3 Be7 11. O-O a6 12. Nc3 O-O 13. Be3 f5 14. f3 Bg5 15. Bf2 Bd7 16. b4 Bf6 17. Qb3 Nf4 18. Rad1 Bh4 19. Bxh4 Qxh4 20. Rf2 Rac8 21. Bf1 Qg5 22. Rc2 Kh8 23. Kh1 Rf6 24. Ne2 Rh6 25. Nxf4 Qxf4 26. h3 Rf6 27. c5 e4 28. c6 bxc6 29. dxc6 Rxc6 30. fxe4 fxe4 31. Rxc6 Bxc6 32. Qc3 d5 33. Bxa6 h6 34. b5 Bd7 35. Bb7 Bxb5 36. Bxd5 Bd3 37. Qc8+ Rf8 38. Qe6 e3 39. Re1 e2 40. Bf3 Qd2 41. Rxe2 Bxe2 42. Qxe2 Qc1+ 43. Kh2 Qf4+ 44. Kg1 Rc8 45. Qd3 Rc1+ 46. Kf2 Qh4+ 47. Ke2 Qe1# 0-1


[Site "https://www.chess.com"]

[Event "Titled Tuesday Blitz November 22 Early 2022"]
[White "Kim, Sergey"]
[Black "Boros, Denes"]
[WhiteFideId "13700570"]
[BlackFideId "722340"]
[WhiteElo "2623"]
[BlackElo "2464"]
[Result "0-1"]
[Round "07"]
[TimeControl "180+1"]
[Date "2022.11.23"]
[WhiteClock "0:00:15"]
[BlackClock "0:00:06"]

1. d4 d6 2. c4 Nc6 3. Nc3 e5 4. d5 Nce7 5. e4 Nf6 6. Nge2 h5 7. h4 g6 8. g3 a5 9. Bg2 Bg4 10. f3 Bd7 11. Bg5 Nh7 12. Be3 c6 13. Qd2 Qc7 14. O-O c5 15. a4 Bg7 16. Nb5 Qb8 17. f4 O-O 18. f5 gxf5 19. Bh6 fxe4 20. Bxg7 Kxg7 21. Bxe4 f5 22. Bf3 Be8 23. Kh2 Qd8 24. Ng1 Ng6 25. Bxh5 Nf6 26. Bxg6 Bxg6 27. Nh3 Ng4+ 28. Kg1 Qf6 29. Qg5 Qxg5 30. Nxg5 Rad8 31. Ne6+ Kg8 32. Nxf8 Kxf8 33. Nc7 Ke7 34. Ne6 Rg8 35. Ra3 b6 36. Rb3 Rb8 37. h5 Bf7 38. Rxf5 Bxe6 39. dxe6 Kxe6 40. Rg5 Nf6 41. Rg6 Ke7 42. g4 e4 43. Kf2 d5 44. cxd5 Nxd5 45. h6 Rf8+ 46. Kg2 Nf4+ 47. Kg3 Nxg6 48. g5 c4 49. Rxb6 e3 50. Rb7+ Ke6 51. Rb6+ Kf5 52. h7 Kxg5 53. Re6 Rh8 54. Rxe3 Rxh7 55. Re4 Rh4 56. Re8 Rg4+ 57. Kf3 Rf4+ 58. Ke3 Rf1 59. Kd4 Rf4+ 60. Kc3 Kf6 61. Rc8 Ne5 62. Rc5 Ke6 63. Rxa5 Rf3+ 64. Kc2 Kd6 65. Rb5 Nc6 66. a5 Nd4+ 67. Kb1 Nxb5 0-1


[Site "https://www.chess.com"]

[Event "Titled Tuesday Blitz November 22 Early 2022"]
[White "Kirillov, Dmitry"]
[Black "Bon, Michael"]
[WhiteFideId "34180572"]
[BlackFideId "620696"]
[WhiteElo "2095"]
[BlackElo "2351"]
[Result "1/2-1/2"]
[Round "07"]
[TimeControl "180+1"]
[Date "2022.11.23"]
[WhiteClock "0:00:06"]
[BlackClock "0:00:02"]

1. e4 c5 2. Nc3 Nc6 3. f4 e6 4. Nf3 d5 5. exd5 exd5 6. d4 Nf6 7. Bb5 Be7 8. O-O O-O 9. Kh1 a6 10. Bxc6 bxc6 11. Ne5 Qc7 12. Ne2 cxd4 13. Nxd4 c5 14. Ndf3 Bb7 15. c3 Rab8 16. Be3 Ne4 17. Nd2 Nd6 18. Qg4 Rfe8 19. Rae1 Bf8 20. Bf2 Bc8 21. Qf3 Rxb2 22. Nb3 Ne4 23. c4 Rxf2 24. Rxf2 Nxf2+ 25. Qxf2 dxc4 26. Nd2 c3 27. Nb3 c4 28. Nc1 Bc5 29. Qf1 Be6 30. Nf3 Qxf4 31. Ne2 Qe3 32. Nc1 Qf4 33. Ne2 Qe3 34. Nc1 Qf2 35. Qxf2 Bxf2 36. Re2 Bc5 37. g3 Rd8 38. Kg2 Rd1 39. Rc2 Bf5 40. Rxc3 Be4 41. g4 Bf8 42. Kg3 Rf1 43. Rxc4 Bxf3 44. Rf4 Bd6 45. Kh4 Bxf4 46. g5 Rxc1 47. Kh3 Rc2 48. Kh4 Rxa2 49. g6 Ra3 50. gxh7+ Kxh7 51. h3 Ra2 1/2-1/2


[Site "https://www.chess.com"]

[Event "Titled Tuesday Blitz November 22 Early 2022"]
[White "Kopylov, Alexander A."]
[Black "Malyi, Viacheslav"]
[WhiteFideId "4164857"]
[BlackFideId "14123983"]
[WhiteElo "2436"]
[BlackElo "2291"]
[Result "0-1"]
[Round "07"]
[TimeControl "180+1"]
[Date "2022.11.23"]
[WhiteClock "0:01:49"]
[BlackClock "0:01:18"]

1. e4 e5 2. Nf3 Nc6 3. Nc3 Nf6 4. h3 Bc5 5. Nxe5 Nxe5 6. d4 Bxd4 7. Qxd4 Nc6 8. Qd3 d6 9. Bg5 h6 10. Bh4 Ne5 11. Qd2 Ng6 12. Bxf6 Qxf6 13. Nd5 Qd8 14. Qc3 O-O 15. Qxc7 Qh4 16. O-O-O Qxe4 17. Qxd6 Be6 18. Bd3 Qxd5 19. Bxg6 Qg5+ 20. f4 Qxg6 21. g4 Rfd8 22. Qxd8+ Rxd8 23. Rxd8+ Kh7 24. Rf1 Qf6 25. Rd2 Bxa2 26. f5 Bc4 27. Rf4 b5 28. Rdd4 Qe5 29. b3 Bd5 30. c4 bxc4 31. bxc4 Bc6 32. Kb2 a5 33. Ka3 Qe3+ 34. Kb2 a4 35. c5 Qb3+ 36. Ka1 a3 37. Rb4 Qc3+ 38. Ka2 Bd5+ 39. Kb1 a2# 0-1


[Site "https://www.chess.com"]